Workbook

Sheet Anexo III
A1: PRÓ-REITORIA DE ADMINISTRAÇÃO
A2: COORDENAÇÃO DE MATERIAIS
A3: ANEXO III - PLANILHA ESTIMATIVA DE DESCRIÇÃO E PREÇOS
A5: ITEM LICITAÇÃO | B5: DESCRIÇÃO/ ESPECIFICAÇÃO | C5: UNIDADE DE MEDIDA | D5: SUGESTÃO DE CATMAT | E5: INFORMAÇÕES ADICIONAIS | F5: QUANTIDADE UASG 150182 | G5: QUANTIDADE UASG 160251 | H5: QUANTIDADE TOTAL | I5: VALOR UNITÁRIO | J5: VALOR TOTAL | K5: EXCLUSIVO ME/EPP | L5: MARGEM DE PREFERÊNCIA | M5: MODO DE DISPUTA | N5: INTERVALO LANCES
A6: 1 | B6: Água, estéril e apirogênica, seu uso objetiva a diluição e solubilização de medicamentos injetáveis. Fornecimento em caixa com 200 frascos de 10ml | C6: frasco 10ml | D6: 276839 | E6: Anvisa | F6: 3000 | G6: 100 | H6: =SUM(F6:G6) -> 3100 | I6: 0.79 | J6: =H6*ROUND(I6,2) -> 2449 | K6: NÃO | L6: - | M6: Aberto | N6: =VLOOKUP(I6,Intervalos!$B$3:$C$8,2,TRUE) -> 0.01
A7: 2 | B7: ALÇA BACTERIOLÓGICA, MATERIAL NÍQUEL CROMO, COMPONENTES COM CABO, CALIBRAGEM CALIBRADA, VOLUME 1 MCL | C7: unidade | D7: 408808 | E7: - | F7: 5 | G7: 0 | H7: =SUM(F7:G7) -> 5 | I7: 48.93 | J7: =H7*ROUND(I7,2) -> 244.65 | K7: NÃO | L7: - | M7: Aberto | N7: =VLOOKUP(I7,Intervalos!$B$3:$C$8,2,TRUE) -> 0.05
A8: 3 | B8: alça bacteriológica, material níquel cromo, componentes sem cabo, calibragem calibrada, volume 10 mcl | C8: unidade | D8: 408809 | E8: - | F8: 20 | G8: 0 | H8: =SUM(F8:G8) -> 20 | I8: 11.1 | J8: =H8*ROUND(I8,2) -> 222 | K8: NÃO | L8: - | M8: Aberto | N8: =VLOOKUP(I8,Intervalos!$B$3:$C$8,2,TRUE) -> 0.03
A9: 4 | B9: ALÇA BACTERIOLÓGICA, MATERIAL PLATINA, COMPONENTES COM CABO, CALIBRAGEM CALIBRADA, VOLUME 10 MCL | C9: unidade | D9: 408811 | E9: - | F9: 7 | G9: 0 | H9: =SUM(F9:G9) -> 7 | I9: 131.2 | J9: =H9*ROUND(I9,2) -> 918.4 | K9: NÃO | L9: - | M9: Aberto | N9: =VLOOKUP(I9,Intervalos!$B$3:$C$8,2,TRUE) -> 0,10%
A10: 5 | B10: Álcool Iodado 0,1%, antisséptico tópico, utilizado em curativos no tratamento de feridas.Iodo a 0,1% em álcool etílico 50% (v/v). Frasco 1L | C10: frasco de 1 litro | D10: 440573 | E10: Anvisa CTF/APP: FTE - Categoria: Indústria Química; Código: 15 | F10: 3 | G10: 0 | H10: =SUM(F10:G10) -> 3 | I10: 42.51 | J10: =H10*ROUND(I10,2) -> 127.53 | K10: NÃO | L10: Margem de preferência normal: 5% Margem de preferência adicional: 10% | M10: Aberto | N10: =VLOOKUP(I10,Intervalos!$B$3:$C$8,2,TRUE) -> 0.05
A11: 6 | B11: Álcool isopropílico a 70% para assepsia, swab. Fornecimento em caixa com 100 unidades (sachês). | C11: Sachê | D11: 392369 | E11: Anvisa CTF/APP: FTE - Categoria: Indústria Química; Código: 15 | F11: =53*100 -> 5300 | G11: 5 | H11: =SUM(F11:G11) -> 5305 | I11: =7.29/100 -> 0.0729 | J11: =H11*ROUND(I11,2) -> 371.35 | K11: NÃO | L11: - | M11: Aberto | N11: =VLOOKUP(I11,Intervalos!$B$3:$C$8,2,TRUE) -> 0.01
A12: 7 | B12: Algodão Ortopédico, atadura, 10cmx1,8m. Elaborada a partir de fibras 100% de algodão crú. Hidrófobo ( não absorve água ). Uso: Auxiliar de procedimentos em imobilização ortopédica, para acolchoamento e proteção entre a pele e o imobilizador. Fornecimento em pacote com 12 unidades. | C12: Unidade | D12: 448246 | E12: Anvisa | F12: =175*12 -> 2100 | G12: 0 | H12: =SUM(F12:G12) -> 2100 | I12: =13.49/12 -> 1.1241667 | J12: =H12*ROUND(I12,2) -> 2352 | K12: NÃO | L12: - | M12: Aberto | N12: =VLOOKUP(I12,Intervalos!$B$3:$C$8,2,TRUE) -> 0.01
A13: 8 | B13: ALGODÃO, HIDRÓFILO, EM BOLAS, ALVEJADO, PURIFICADO, ISENTO DE IMPUREZAS, NÃO ESTÉRIL | C13: Embalagem 100 g | D13: 279727 | E13: Anvisa | F13: 265 | G13: 100 | H13: =SUM(F13:G13) -> 365 | I13: 6 | J13: =H13*ROUND(I13,2) -> 2190 | K13: NÃO | L13: - | M13: Aberto | N13: =VLOOKUP(I13,Intervalos!$B$3:$C$8,2,TRUE) -> 0.02
A14: 9 | B14: ALGODÃO, HIDRÓFILO, EM MANTAS, ALVEJADO, PURIFICADO, ISENTO DE IMPUREZAS, ENROLADO EM PAPEL APROPRIADO, NÃO ESTÉRIL, EMBALAGEM INDIVIDUAL DE 500G | C14: embalagem 500g | D14: 279726 | E14: Anvisa | F14: 505 | G14: 25 | H14: =SUM(F14:G14) -> 530 | I14: 29.9 | J14: =H14*ROUND(I14,2) -> 15847 | K14: NÃO | L14: - | M14: Aberto | N14: =VLOOKUP(I14,Intervalos!$B$3:$C$8,2,TRUE) -> 0.05
A15: 10 | B15: Almotolia com álcool a 70%. Frasco 100ml | C15: frasco = frasco 100ml | D15: 269941 | E15: - | F15: 75 | G15: 10 | H15: =SUM(F15:G15) -> 85 | I15: 3.69 | J15: =H15*ROUND(I15,2) -> 313.65 | K15: NÃO | L15: - | M15: Aberto | N15: =VLOOKUP(I15,Intervalos!$B$3:$C$8,2,TRUE) -> 0.01
A16: 11 | B16: Antisséptico degermante a base de polivinil pirrolidona iodo (PVP-I) 10% em solução com tensoativos, equivalente a 1% de iodo ativo, frasco 1L | C16: Litro = frasco 1 l | D16: 398705 | E16: Anvisa CTF/APP: FTE - Categoria: Indústria Química; Código: 15 | F16: 28 | G16: 5 | H16: =SUM(F16:G16) -> 33 | I16: 103.9 | J16: =H16*ROUND(I16,2) -> 3428.7 | K16: NÃO | L16: Margem de preferência normal: 5% Margem de preferência adicional: 10% | M16: Aberto | N16: =VLOOKUP(I16,Intervalos!$B$3:$C$8,2,TRUE) -> 0,10%
A17: 12 | B17: Antisséptico tópico a base de polivinil pirrolidona iodo (PVP-I) 10% em solução aquosa, equivalente a 1% de iodo ativo, frasco 1L | C17: Litro = frasco 1 l | D17: 398706 | E17: Anvisa CTF/APP: FTE - Categoria: Indústria Química; Código: 15 | F17: 28 | G17: 5 | H17: =SUM(F17:G17) -> 33 | I17: 98.9 | J17: =H17*ROUND(I17,2) -> 3263.7 | K17: NÃO | L17: Margem de preferência normal: 5% Margem de preferência adicional: 10% | M17: Aberto | N17: =VLOOKUP(I17,Intervalos!$B$3:$C$8,2,TRUE) -> 0.1
A18: 13 | B18: ATADURA, CREPOM, 100% ALGODÃO, 10 CM, 180 CM, EM REPOUSO, 13 UN/CM², EMBALAGEM INDIVIDUAL | C18: Rolo | D18: 444355 | E18: Anvisa | F18: 763 | G18: 100 | H18: =SUM(F18:G18) -> 863 | I18: 1.8 | J18: =H18*ROUND(I18,2) -> 1553.4 | K18: NÃO | L18: - | M18: Aberto | N18: =VLOOKUP(I18,Intervalos!$B$3:$C$8,2,TRUE) -> 0.01
A19: 14 | B19: ATADURA, CREPOM, 100% ALGODÃO, 15 CM, 180 CM, EM REPOUSO, 13 UN/CM², EMBALAGEM INDIVIDUAL | C19: Rolo | D19: 444365 | E19: Anvisa | F19: 700 | G19: 100 | H19: =SUM(F19:G19) -> 800 | I19: 1.9 | J19: =H19*ROUND(I19,2) -> 1520 | K19: NÃO | L19: - | M19: Aberto | N19: =VLOOKUP(I19,Intervalos!$B$3:$C$8,2,TRUE) -> 0.01
A20: 15 | B20: ATADURA, CREPOM, 100% ALGODÃO, 20 CM, 180 CM, EM REPOUSO, 13 UN/CM², EMBALAGEM INDIVIDUAL | C20: Rolo | D20: 444371 | E20: Anvisa | F20: 325 | G20: 50 | H20: =SUM(F20:G20) -> 375 | I20: 3 | J20: =H20*ROUND(I20,2) -> 1125 | K20: NÃO | L20: - | M20: Aberto | N20: =VLOOKUP(I20,Intervalos!$B$3:$C$8,2,TRUE) -> 0.01
A21: 16 | B21: ATADURA, CREPOM, 100% ALGODÃO, 30 CM, 180 CM, EM REPOUSO, 13 UN/CM², EMBALAGEM INDIVIDUAL | C21: Rolo | D21: 444375 | E21: Anvisa | F21: 325 | G21: 50 | H21: =SUM(F21:G21) -> 375 | I21: 4.8 | J21: =H21*ROUND(I21,2) -> 1800 | K21: NÃO | L21: - | M21: Aberto | N21: =VLOOKUP(I21,Intervalos!$B$3:$C$8,2,TRUE) -> 0.01
A22: 17 | B22: Faixa de Esmarch 12cm x 2m. Bandagem elástica de borracha natural rosa, indicada para estancar ou bloquear o fluxo sanguíneo. Não estéril, Produto de uso único e descartável | C22: Rolo 2 Metro | D22: 477511 | E22: Anvisa | F22: 13 | G22: 13 | H22: =SUM(F22:G22) -> 26 | I22: 33.8 | J22: =H22*ROUND(I22,2) -> 878.8 | K22: NÃO | L22: - | M22: Aberto | N22: =VLOOKUP(I22,Intervalos!$B$3:$C$8,2,TRUE) -> 0.05
A23: 18 | B23: BANDAGEM ELÁSTICA, NÃO TECIDO POROSO, AUTO-ADERENTE, 100 MM, 4,5 M, COM COR, COM FIBRAS ELÁSTICAS | C23: unidade | D23: 478129 | E23: Anvisa | F23: 125 | G23: 25 | H23: =SUM(F23:G23) -> 150 | I23: 23.8 | J23: =H23*ROUND(I23,2) -> 3570 | K23: NÃO | L23: - | M23: Aberto | N23: =VLOOKUP(I23,Intervalos!$B$3:$C$8,2,TRUE) -> 0.05
A24: 19 | B24: BANDAGEM ELÁSTICA, NÃO TECIDO POROSO, AUTO-ADERENTE, 50 MM, 4,5 M, COM COR, COM FIBRAS ELÁSTICAS | C24: unidade | D24: 478130 | E24: Anvisa | F24: 129 | G24: 25 | H24: =SUM(F24:G24) -> 154 | I24: 20.48 | J24: =H24*ROUND(I24,2) -> 3153.92 | K24: NÃO | L24: - | M24: Aberto | N24: =VLOOKUP(I24,Intervalos!$B$3:$C$8,2,TRUE) -> 0.05
... A29: 24 | B29: Bolsa Coletora de Urina Diurese Horária. Diurese horária 500ml; bolsa 2.000ml; graduada; válvula anti-refluxo; pinça clamp corta fluxo; filtro hidrofóbico bacteriológico; conector universal, alça de sustentação. | C29: unidade | D29: 432133 | E29: Anvisa | F29: 4 | G29: 0 | H29: =SUM(F29:G29) -> 4 | I29: 87.6 | J29: =H29*ROUND(I29,2) -> 350.4 | K29: NÃO | L29: - | M29: Aberto | N29: =VLOOKUP(I29,Intervalos!$B$3:$C$8,2,TRUE) -> 0.1
A30: 25 | B30: Bolsa dupla para coleta de sangue e plaquetas (CPDA-1). Capacidade aproximada de 500ml. | C30: Unidade | D30: 370596 | E30: Anvisa | F30: =2*50 -> 100 | G30: 0 | H30: =SUM(F30:G30) -> 100 | I30: =2283.33/50 -> 45.6666 | J30: =H30*ROUND(I30,2) -> 4567 | K30: NÃO | L30: - | M30: Aberto | N30: =VLOOKUP(I30,Intervalos!$B$3:$C$8,2,TRUE) -> 0.05
A31: 26 | B31: BOLSA OSTOMIA, MATÉRIA PRIMA PLáSTICO, APLICAÇÃO COLOSTOMIA E ILEOSTOMIA, NÚMERO DE PEÇAS 1 PEÇA (PLACA E BOLSA ACOPLADAS), MODELO DRENÁVEL, ACESSÓRIOS 1 CLIP PARA CADA 10 BOLSAS, TIPO DE BOLSA TRANSPARENTE, TIPO DE ADESIVO ADESIVO MICROPOROSO, MATERIAL DA PLACA BASE DE KARAYA, DIÂMETRO PRÉ-CORTADA ATÉ 70 | C31: Unidade | D31: 615854 | E31: Anvisa | F31: =8*15 -> 120 | G31: 0 | H31: =SUM(F31:G31) -> 120 | I31: =381.6/15 -> 25.44 | J31: =H31*ROUND(I31,2) -> 3052.8 | K31: NÃO | L31: - | M31: Aberto | N31: =VLOOKUP(I31,Intervalos!$B$3:$C$8,2,TRUE) -> 0.05
A32: 27 | B32: BOLSA OSTOMIA, MATÉRIA PRIMA PLÁSTICO, APLICAÇÃO UROSTOMIA, NÚMERO DE PEÇAS 2 PEÇAS (PLACA E BOLSA SEPARADAS), MODELO DRENÁVEL, TIPO DE BOLSA TRANSPARENTE, TIPO DE ADESIVO ADESIVO MICROPOROSO, MATERIAL DA PLACA RESINA SINTÉTICA, DIÂMETRO RECORTÁVEL ATÉ 70, CARACTERÍSTICAS ADICIONAIS VÁLVULA ANTI-REFLUXO | C32: unidade | D32: 477422 | E32: Anvisa | F32: 32 | G32: 0 | H32: =SUM(F32:G32) -> 32 | I32: 56.4 | J32: =H32*ROUND(I32,2) -> 1804.8 | K32: NÃO | L32: - | M32: Aberto | N32: =VLOOKUP(I32,Intervalos!$B$3:$C$8,2,TRUE) -> 0.1
A33: 28 | B33: Braçadeira neonatal de pressão arterial descartável de 1 via - em silicone próprias para medição de pressão arterial não invasiva, livre de latex. Próprio para esfignomanômetro ou monitor. Circunferência entre 3.3-5.6cm | C33: unidade | D33: 443832 | E33: Anvisa | F33: 29 | G33: 0 | H33: =SUM(F33:G33) -> 29 | I33: 50 | J33: =H33*ROUND(I33,2) -> 1450 | K33: NÃO | L33: - | M33: Aberto | N33: =VLOOKUP(I33,Intervalos!$B$3:$C$8,2,TRUE) -> 0.1
A34: 29 | B34: Braçadeira neonatal de pressão arterial descartável de 1 via - em silicone próprias para medição de pressão arterial não invasiva, livre de latex. Próprio para esfignomanômetro ou monitor. Circunferência entre 4.2 - 7.1cm | C34: unidade | D34: 443832 | E34: Anvisa | F34: 42 | G34: 0 | H34: =SUM(F34:G34) -> 42 | I34: 49.42 | J34: =H34*ROUND(I34,2) -> 2075.64 | K34: NÃO | L34: - | M34: Aberto | N34: =VLOOKUP(I34,Intervalos!$B$3:$C$8,2,TRUE) -> 0.05
A35: 30 | B35: Braçadeira neonatal de pressão arterial descartável de 1 via - em silicone próprias para medição de pressão arterial não invasiva, livre de latex. Próprio para esfignomanômetro ou monitor. Circunferência entre 5.4 - 9.1cm | C35: unidade | D35: 443832 | E35: Anvisa | F35: 42 | G35: 0 | H35: =SUM(F35:G35) -> 42 | I35: 49.42 | J35: =H35*ROUND(I35,2) -> 2075.64 | K35: NÃO | L35: - | M35: Aberto | N35: =VLOOKUP(I35,Intervalos!$B$3:$C$8,2,TRUE) -> 0.05
A36: 31 | B36: Braçadeira neonatal de pressão arterial descartável de 1 via - em silicone próprias para medição de pressão arterial não invasiva, livre de latex. Próprio para esfignomanômetro ou monitor. Circunferência entre 6.9 - 11.7cm | C36: unidade | D36: 443832 | E36: Anvisa | F36: 29 | G36: 0 | H36: =SUM(F36:G36) -> 29 | I36: 69 | J36: =H36*ROUND(I36,2) -> 2001 | K36: NÃO | L36: - | M36: Aberto | N36: =VLOOKUP(I36,Intervalos!$B$3:$C$8,2,TRUE) -> 0.1
A37: 32 | B37: Braçadeira neonatal de pressão arterial descartável de 1 via - em silicone próprias para medição de pressão arterial não invasiva, livre de latex. Próprio para esfignomanômetro ou monitor. Circunferência entre 8.9 - 15.0 cm | C37: unidade | D37: 443832 | E37: Anvisa | F37: 23 | G37: 0 | H37: =SUM(F37:G37) -> 23 | I37: 70 | J37: =H37*ROUND(I37,2) -> 1610 | K37: NÃO | L37: - | M37: Aberto | N37: =VLOOKUP(I37,Intervalos!$B$3:$C$8,2,TRUE) -> 0.1
A38: 33 | B38: Caixa Térmica 5 Litros com Termômetro Digital de Máximo e Mínimo à prova d’agua -50 até 70 °C. Em plástico de alta resistência e internamente revestida de poliuretano, inclusive na tampa, facilitando o seu isolamento térmico. Com termômetro externo que mostra a temperatura atual, mínima e máxima do conteúdo. Uso para Medicamentos, Órgãos e Tecidos, Vacinas, Amostras e materiais Biológicos. | C38: unidade | D38: 472773 | E38: - | F38: 8 | G38: 3 | H38: =SUM(F38:G38) -> 11 | I38: 461.77 | J38: =H38*ROUND(I38,2) -> 5079.47 | K38: NÃO | L38: - | M38: Aberto | N38: =VLOOKUP(I38,Intervalos!$B$3:$C$8,2,TRUE) -> 0,10%
A39: 34 | B39: Cal Sodada, Absorvedor de CO2. Utilizado em circuito respiratório de aparelhos de anestesia. Uso exclusivo em anestesia. Composição: 97% de hidróxido de cálcio, 3% de hidróxido de sódio, 0,03% de indicador de cor e 16 a 18 % de umidade. Apresentado na forma de grão semi-esférico poroso de aproximadamente 3mm de diâmetro. Cor: branca a levemente amarelada ou acinzentada; Indicador pós-saturação: mudança de cor para violeta. | C39: Balde 4.3 Quilograma | D39: 301510 | E39: Anvisa | F39: 10 | G39: 0 | H39: =SUM(F39:G39) -> 10 | I39: 300.9 | J39: =H39*ROUND(I39,2) -> 3009 | K39: NÃO | L39: - | M39: Aberto | N39: =VLOOKUP(I39,Intervalos!$B$3:$C$8,2,TRUE) -> 0,10%
A40: 35 | B40: Coletor de urina sistema fechado 2000ml: Coletor de urina, sistema fechado, estéril, com conector de sonda rígido e conizado, extensor em PVC transparente cristal medindo 1,30 m e diâmetro interno entre 0,7 e 0,9 mm com dispositivo autovedante para coleta de urina. Bolsa coletora de material resistente, branco opaco na face posterior e branco transparente na anterior, graduada válvula antirefluxo e filtro de ar. Pinça para interrupção do fluxo no extensor e no sistema de drenagem. Conter alças plásticas ou cadarço para fixação na beira do leito. Capacidade de 2.000 ml, adulto. Fornecimento em embalagem com 100 unidades. | C40: Unidade | D40: 419373 | E40: Anvisa | F40: =13*100 -> 1300 | G40: 0 | H40: =SUM(F40:G40) -> 1300 | I40: =489.47/100 -> 4.8947 | J40: =H40*ROUND(I40,2) -> 6357 | K40: NÃO | L40: - | M40: Aberto | N40: =VLOOKUP(I40,Intervalos!$B$3:$C$8,2,TRUE) -> 0.01
A41: 36 | B41: COLETOR MATERIAL PÉRFURO-CORTANTE, PAPELÃO, 1,5L | C41: unidade | D41: 623106 | E41: - | F41: 438 | G41: 50 | H41: =SUM(F41:G41) -> 488 | I41: 7.99 | J41: =H41*ROUND(I41,2) -> 3899.12 | K41: NÃO | L41: - | M41: Aberto | N41: =VLOOKUP(I41,Intervalos!$B$3:$C$8,2,TRUE) -> 0.02
A42: 37 | B42: COLETOR MATERIAL PÉRFURO-CORTANTE, PAPELÃO, 13 L, ALÇAS RÍGIDAS E TAMPA, REVESTIMENTO INTERNO EM POLIETILENO ALTA DENSIDADE, DESCARTÁVEL | C42: unid. | D42: 623109 | E42: - | F42: 1928 | G42: 50 | H42: =SUM(F42:G42) -> 1978 | I42: 12.25 | J42: =H42*ROUND(I42,2) -> 24230.5 | K42: NÃO | L42: - | M42: Aberto | N42: =VLOOKUP(I42,Intervalos!$B$3:$C$8,2,TRUE) -> 0.03
A43: 38 | B43: COLETOR MATERIAL PÉRFURO-CORTANTE, PAPELÃO, 20 L, ALÇAS RÍGIDAS E TAMPA, REVESTIMENTO INTERNO EM POLIETILENO ALTA DENSIDADE, DESCARTÁVEL | C43: unid. | D43: 623110 | E43: - | F43: 453 | G43: 50 | H43: =SUM(F43:G43) -> 503 | I43: 14.9 | J43: =H43*ROUND(I43,2) -> 7494.7 | K43: NÃO | L43: - | M43: Aberto | N43: =VLOOKUP(I43,Intervalos!$B$3:$C$8,2,TRUE) -> 0.03
A44: 39 | B44: COLETOR MATERIAL PÉRFURO-CORTANTE, PAPELÃO, 7 L, ALÇAS RÍGIDAS E TAMPA, REVESTIMENTO INTERNO EM POLIETILENO ALTA DENSIDADE, DESCARTÁVEL | C44: unid. | D44: 623108 | E44: - | F44: 504 | G44: 20 | H44: =SUM(F44:G44) -> 524 | I44: 10 | J44: =H44*ROUND(I44,2) -> 5240 | K44: NÃO | L44: - | M44: Aberto | N44: =VLOOKUP(I44,Intervalos!$B$3:$C$8,2,TRUE) -> 0.03
A45: 40 | B45: Compressa campo operatório não estéril, tecido quádruplo, 100% algodão, altamente absorvente, isento de substâncias gordurosas, amido e alvejantes, 23 x 25cm. Com fio radiopaco. Pacote com 50 unidades. | C45: pacote = embalagem 50 unidades | D45: 623076 | E45: Anvisa | F45: 38 | G45: 38 | H45: =SUM(F45:G45) -> 76 | I45: 48.45 | J45: =H45*ROUND(I45,2) -> 3682.2 | K45: NÃO | L45: - | M45: Aberto | N45: =VLOOKUP(I45,Intervalos!$B$3:$C$8,2,TRUE) -> 0.05
A46: 41 | B46: Compressa de Gaze 11 fios 7,5x7,5. Fornecimento em embalagem com 500 unidades. | C46: embalagem com 500 unidades = pacote 500 unidades | D46: 481352 | E46: Anvisa | F46: 85 | G46: 85 | H46: =SUM(F46:G46) -> 170 | I46: 29.9 | J46: =H46*ROUND(I46,2) -> 5083 | K46: NÃO | L46: - | M46: Aberto | N46: =VLOOKUP(I46,Intervalos!$B$3:$C$8,2,TRUE) -> 0.05
A47: 42 | B47: Compressa gaze estéril, tecido 100% algodão, 13 fios/cm², cor branca, isenta de impurezas, 8 camadas, 7,5 cm por 7,5 fechada e 15 cm x 15 cm aberta, 5 dobras, descartável. Fornecimento em pacote com 10 unidades | C47: pacote com 10 unidades | D47: 615986 | E47: Anvisa | F47: 1788 | G47: 500 | H47: =SUM(F47:G47) -> 2288 | I47: 1.99 | J47: =H47*ROUND(I47,2) -> 4553.12 | K47: NÃO | L47: - | M47: Aberto | N47: =VLOOKUP(I47,Intervalos!$B$3:$C$8,2,TRUE) -> 0.01
A48: 43 | B48: Compressa gaze não estéril, tecido 100% algodão, 13 fios/cm², cor branca, isenta de impurezas, 8 camadas, 7,5 cm por 7,5 fechada e 15 cm x 15 cm aberta, 5 dobras, descartável. Fornecimento em pacote com 500 unidades | C48: pacote com 500 unidades | D48: 615986 | E48: Anvisa | F48: 935 | G48: 25 | H48: =SUM(F48:G48) -> 960 | I48: 43.9 | J48: =H48*ROUND(I48,2) -> 42144 | K48: NÃO | L48: - | M48: Aberto | N48: =VLOOKUP(I48,Intervalos!$B$3:$C$8,2,TRUE) -> 0.05
A49: 44 | B49: COMPRESSA GAZE, TECIDO 100% ALGODÃO, TIPO QUEIJO, COR BRANCA,ISENTA DE IMPUREZAS, 8 CAMADAS, 13 FIOS/CM2, 91 CM, 91 M, 4 DOBRAS, EMBALAGEM PLÁSTICA INDIVIDUAL | C49: rolo de 91 metros | D49: 369204 | E49: Anvisa | F49: 85 | G49: 0 | H49: =SUM(F49:G49) -> 85 | I49: 110.16 | J49: =H49*ROUND(I49,2) -> 9363.6 | K49: NÃO | L49: - | M49: Aberto | N49: =VLOOKUP(I49,Intervalos!$B$3:$C$8,2,TRUE) -> 0,10%
A50: 45 | B50: Curativo antimicrobiano de hydrofiber com prata e fibra de reforço tamanho 10 x 10 cm. Hidrofibras. Utilização em práticas de curativos e procedimentos de enfermagem. | C50: unidade | D50: 484869 | E50: Anvisa | F50: 7 | G50: 0 | H50: =SUM(F50:G50) -> 7 | I50: 81 | J50: =H50*ROUND(I50,2) -> 567 | K50: NÃO | L50: - | M50: Aberto | N50: =VLOOKUP(I50,Intervalos!$B$3:$C$8,2,TRUE) -> 0.1
A51: 46 | B51: Curativo carvão ativado com prata. Cerca de 10 x 10cm. Fornecimento em caixa com 10 unidades. | C51: Unidade | D51: 485057 | E51: Anvisa | F51: =7*10 -> 70 | G51: 0 | H51: =SUM(F51:G51) -> 70 | I51: =283.31/10 -> 28.331 | J51: =H51*ROUND(I51,2) -> 1983.1 | K51: NÃO | L51: - | M51: Aberto | N51: =VLOOKUP(I51,Intervalos!$B$3:$C$8,2,TRUE) -> 0.05
A52: 47 | B52: Curativo de Alginato e Prata, tamanho 10cm x 10cm, composto por espuma de poliuretano com alginato de cálcio e prata 100% ionica | C52: unidade | D52: 484851 | E52: Anvisa | F52: 34 | G52: 0 | H52: =SUM(F52:G52) -> 34 | I52: 99 | J52: =H52*ROUND(I52,2) -> 3366 | K52: NÃO | L52: - | M52: Aberto | N52: =VLOOKUP(I52,Intervalos!$B$3:$C$8,2,TRUE) -> 0.1
A53: 48 | B53: Curativo de Alginato e Prata, tamanho 10cm x 20cm, composto por espuma de poliuretano com alginato de cálcio e prata 100% ionica | C53: unidade | D53: 484852 | E53: Anvisa | F53: 34 | G53: 0 | H53: =SUM(F53:G53) -> 34 | I53: 154.92 | J53: =H53*ROUND(I53,2) -> 5267.28 | K53: NÃO | L53: - | M53: Aberto | N53: =VLOOKUP(I53,Intervalos!$B$3:$C$8,2,TRUE) -> 0,10%
A54: 49 | B54: Curativo de Alginato e Prata, tamanho 15cm x 15cm, composto por espuma de poliuretano com alginato de cálcio e prata 100% ionica | C54: unidade | D54: 484853 | E54: Anvisa | F54: 34 | G54: 0 | H54: =SUM(F54:G54) -> 34 | I54: 59.48 | J54: =H54*ROUND(I54,2) -> 2022.32 | K54: NÃO | L54: - | M54: Aberto | N54: =VLOOKUP(I54,Intervalos!$B$3:$C$8,2,TRUE) -> 0.1
A55: 50 | B55: Curativo de Alginato e Prata, tamanho 20cm x 20cm, composto por espuma de poliuretano com alginato de cálcio e prata 100% ionica | C55: unidade | D55: 484853 | E55: Anvisa | F55: 13 | G55: 0 | H55: =SUM(F55:G55) -> 13 | I55: 181.83 | J55: =H55*ROUND(I55,2) -> 2363.79 | K55: NÃO | L55: - | M55: Aberto | N55: =VLOOKUP(I55,Intervalos!$B$3:$C$8,2,TRUE) -> 0,10%
A56: 51 | B56: Curativo Hidrogel em gel – 25g | C56: unidade | D56: 484920 | E56: Anvisa | F56: 7 | G56: 7 | H56: =SUM(F56:G56) -> 14 | I56: 43.58 | J56: =H56*ROUND(I56,2) -> 610.12 | K56: NÃO | L56: - | M56: Aberto | N56: =VLOOKUP(I56,Intervalos!$B$3:$C$8,2,TRUE) -> 0.05
A57: 52 | B57: Curativo para feridas e queimaduras, hidrogel Hidrogel transparente composto de poliuretano absorvente, revestido com uma cobertura de poliuretano com borda adesiva permeável ao oxigênio mas impermeável a líquidos e bactérias. Unidade - tamanho 10 x 10 cm | C57: unidade | D57: 484917 | E57: Anvisa | F57: 13 | G57: 13 | H57: =SUM(F57:G57) -> 26 | I57: 52 | J57: =H57*ROUND(I57,2) -> 1352 | K57: NÃO | L57: - | M57: Aberto | N57: =VLOOKUP(I57,Intervalos!$B$3:$C$8,2,TRUE) -> 0.1
A58: 53 | B58: Solução antisséptica degermante líquida à base de Clorexidina 2%. | C58: litro | D58: 444051 | E58: CTF/APP: FTE - Categoria: Indústria Química; Código: 15 | F58: 179 | G58: 10 | H58: =SUM(F58:G58) -> 189 | I58: 40.96 | J58: =H58*ROUND(I58,2) -> 7741.44 | K58: NÃO | L58: - | M58: Aberto | N58: =VLOOKUP(I58,Intervalos!$B$3:$C$8,2,TRUE) -> 0.05
A59: 54 | B59: Eletrodo ECG - Adulto - Espuma de poliestireno adesivada hipoalergênica, com aplicação de gel celulose sólido, diretamente em contato com rebite metálico revestido com ABS banhado em Ag/AgCl na base e revestido em inox na parte superior , protegido por uma lâmina de PVC. Fornecimento em pacote com 50 unidades. | C59: Unidade | D59: 461243 | E59: Anvisa | F59: =158*50 -> 7900 | G59: 0 | H59: =SUM(F59:G59) -> 7900 | I59: =21.25/50 -> 0.425 | J59: =H59*ROUND(I59,2) -> 3397 | K59: NÃO | L59: - | M59: Aberto | N59: =VLOOKUP(I59,Intervalos!$B$3:$C$8,2,TRUE) -> 0.01
A60: 55 | B60: Eletrodos ECG - Infantil - Espuma de poliestireno adesivada hipoalergênica, com aplicação de gel celulose sólido, diretamente em contato com rebite metálico revestido com ABS banhado em Ag/AgCl na base e revestido em inox na parte superior , protegido por uma lâmina de PVC. Fornecimento em pacote com 50 unidades. | C60: Unidade | D60: 461245 | E60: Anvisa | F60: =13*50 -> 650 | G60: 0 | H60: =SUM(F60:G60) -> 650 | I60: =20.5/50 -> 0.41 | J60: =H60*ROUND(I60,2) -> 266.5 | K60: NÃO | L60: - | M60: Aberto | N60: =VLOOKUP(I60,Intervalos!$B$3:$C$8,2,TRUE) -> 0.01
A61: 56 | B61: EMBALAGEM PARA ESTERILIZAÇÃO EM AUTOCLAVE MEDINDO 200 MM X 100 METROS. DE PAPEL GRAU CIRÚRGICO E FILME LAMINADO DE POLIÉSTER COM POLIPROPILENO TUBULAR, COM BLOQUEIO BACTERICIDA EM TORNO DE 96% COM POROSIDADE E RESISTÊNCIA CONTROLADA, COM NUMERO DE LOTE IMPRESSO EM TODA A SUA EXTENSÃO, COM INDICADORES QUÍMICOS QUE MUDAM DE COR APOS O CONTATO COM AGENTE ESTERILIZANTE, DEFINIDOS PELA NORMA TÉCNICA DA ABNT. Cotar o rolo. | C61: rolo = unidade | D61: 442384 | E61: - | F61: 47 | G61: 47 | H61: =SUM(F61:G61) -> 94 | I61: 106.54 | J61: =H61*ROUND(I61,2) -> 10014.76 | K61: NÃO | L61: - | M61: Aberto | N61: =VLOOKUP(I61,Intervalos!$B$3:$C$8,2,TRUE) -> 0,10%
A62: 57 | B62: Equipo Duas Vias; Estéril; Fabricado em PVC flexível; Possuir duas extremidades distais com conectores luer lock, duas extensões em PVC dotadas de dispositivo clamp de fechamento rápido em cores diferentes, um intermediário em "Y" unindo as extensões distais à extensão proximal(luer slip); Atóxico e Apirogênico; | C62: unidade | D62: 609779 | E62: Anvisa | F62: 500 | G62: 100 | H62: =SUM(F62:G62) -> 600 | I62: 2.8 | J62: =H62*ROUND(I62,2) -> 1680 | K62: NÃO | L62: - | M62: Aberto | N62: =VLOOKUP(I62,Intervalos!$B$3:$C$8,2,TRUE) -> 0.01
A63: 58 | B63: Equipo fotoprotetor com câmara de gotejamento flexível com filtro e entrada de ar, pinça rolete, corta fluxo dedicado, trecho de silicone, injetor lateral, luer lock rotativo e tampa oclusora com filtro de membrana hidrofóbica. Compatível com a bomba: ICATU S. Fornecimento em caixa com 50 unidades. | C63: Unidade | D63: 610304 | E63: Anvisa | F63: =5*50 -> 250 | G63: 0 | H63: =SUM(F63:G63) -> 250 | I63: =1050/50 -> 21 | J63: =H63*ROUND(I63,2) -> 5250 | K63: NÃO | L63: - | M63: Aberto | N63: =VLOOKUP(I63,Intervalos!$B$3:$C$8,2,TRUE) -> 0.05
A64: 59 | B64: Equipo macrogotas com pinça rolete de alta precisão; injetor lateral em “Y’’ com membrana auto cicatrizante ou valvulado com área para rápida assepsia; dispositivo de entrada de ar lateral com filtro hidrófobo de 15 micras; câmara de gotejamento com filtro de fluído no seu interior (malha de 15 micras), transparente com gotejador para 20 gotas por ml e flexível com perfurador do soro tipo lanceta; tubo extensor em PVC ou polietileno flexível, uniforme; transparente em toda sua extensão, igual ou superior a 1,20 m de comprimento. Conector luer lock. Estéril apirogênico, atóxico e embalado em papel grau cirúrgico. | C64: unidade | D64: 609602 | E64: Anvisa | F64: 4313 | G64: 100 | H64: =SUM(F64:G64) -> 4413 | I64: 3.96 | J64: =H64*ROUND(I64,2) -> 17475.48 | K64: NÃO | L64: - | M64: Aberto | N64: =VLOOKUP(I64,Intervalos!$B$3:$C$8,2,TRUE) -> 0.01
A65: 60 | B65: Equipo Microgotas com Bureta Fotoprotetor; Câmara gotejadora flexível; Tubo em PVC âmbar de 1,50 m, estéril, atóxico e apirogênico; Pinça rolete para dosagem de volume; Conector luer lock, Bureta graduada em 150 ml, Pinça corta fluxo tipo Clamp, Injetor lateral autocicatrizante, Entrada de ar, Filtro de partícula. Para Indicado para infusão de medicamentos fotossensíveis. | C65: unidade | D65: 609584 | E65: Anvisa | F65: 75 | G65: 0 | H65: =SUM(F65:G65) -> 75 | I65: 9 | J65: =H65*ROUND(I65,2) -> 675 | K65: NÃO | L65: - | M65: Aberto | N65: =VLOOKUP(I65,Intervalos!$B$3:$C$8,2,TRUE) -> 0.02
A66: 61 | B66: Equipo Microgotas com Bureta; Câmara gotejadora flexível; Tubo em PVC de 1,50 m, estéril, atóxico e apirogênico; Pinça rolete para dosagem de volume; Conector luer lock, Bureta graduada em 150 ml, Pinça corta fluxo tipo Clamp, Injetor lateral autocicatrizante, Entrada de ar, Filtro de partícula | C66: unidade | D66: 609710 | E66: Anvisa | F66: 563 | G66: 0 | H66: =SUM(F66:G66) -> 563 | I66: 5.68 | J66: =H66*ROUND(I66,2) -> 3197.84 | K66: NÃO | L66: - | M66: Aberto | N66: =VLOOKUP(I66,Intervalos!$B$3:$C$8,2,TRUE) -> 0.02
A67: 62 | B67: Equipo microgotas com pinça rolete de alta precisão; injetor lateral em “Y’’ com membrana autocicatrizante ou valvulado com área para rápida assepsia; dispositivo de entrada de ar lateral com filtro hidrófobo de 15 micras; câmara de gotejamento com filtro de fluído no seu interior (malha de 15 micras), transparente cristal com gotejador para 20 gotas por ml e flexível com perfurador do soro tipo lanceta; tubo extensor em PVC ou polietileno flexível, uniforme; transparente cristal em toda sua extensão, igual ou superior a 1, 20 m de comprimento. Conector luer lock e protetores que garantam a sua esterilidade. Estéril apirogênico, atóxico e embalado em papel grau cirúrgico. | C67: Unidade | D67: 609502 | E67: Anvisa | F67: 125 | G67: 0 | H67: =SUM(F67:G67) -> 125 | I67: 3 | J67: =H67*ROUND(I67,2) -> 375 | K67: NÃO | L67: - | M67: Aberto | N67: =VLOOKUP(I67,Intervalos!$B$3:$C$8,2,TRUE) -> 0.01
A68: 63 | B68: Equipo microgotas para solução fotossensível, câmara graduada de capacidade igual ou acima de 150 ml, âmbar, com entrada de ar e filtro hidrófobo e injetor superior, graduação de 1 ml em 1 ml e destaque a cada 5 ml de boa visualização, subcâmara flexível âmbar com microgotejador para 60 mgts/ml; tubo extensor na cor âmbar, em PVC ou polietileno flexível, uniforme; igual ou superior a 1,20 m de comprimento, perfurador do soro tipo lanceta, injetor lateral em “Y’’ com área para rápida assepsia e membrana autocicatrizante ou valvulado; pinça rolete de alta precisão. Conector luer lock reversível. Estéril apirogênico, atóxico e embalado em papel grau cirúrgico. | C68: unidade | D68: 609724 | E68: Anvisa | F68: 188 | G68: 0 | H68: =SUM(F68:G68) -> 188 | I68: 3.7 | J68: =H68*ROUND(I68,2) -> 695.6 | K68: NÃO | L68: - | M68: Aberto | N68: =VLOOKUP(I68,Intervalos!$B$3:$C$8,2,TRUE) -> 0.01
A69: 64 | B69: Equipo para transfusão sanguínea com câmara de filtro transparente e flexível de 170 a 200 micras com área de filtragem de 18 cm3 com câmara de gotejamento transparente tubo extensor contínuo sem terminações em látex ou similar, transparente, flexível, igual ou superior a 1,50 m de comprimento, perfurador especial para bolsas de sangue e derivados, conector macho com conicidade a 6% e protetores que garantam a sua esterilidade Estéril apirogênico, atóxico e embalado em papel grau cirúrgico. | C69: unidade | D69: 609776 | E69: Anvisa | F69: 250 | G69: 0 | H69: =SUM(F69:G69) -> 250 | I69: 8.9 | J69: =H69*ROUND(I69,2) -> 2225 | K69: NÃO | L69: - | M69: Aberto | N69: =VLOOKUP(I69,Intervalos!$B$3:$C$8,2,TRUE) -> 0.02
A70: 65 | B70: Escova cervical para coleta de material do canal endocervical, estéril. Características técnicas: Composta de haste plástica cilíndrica com 16 cm e cerdas de nylon com formato levemente cônico com 2 cm de comprimento, no total 18 cm. As cerdas são dispostas em aproximadamente 13 níveis paralelos da base ao ápice, tendo diâmetro maior, determinado pelas cerdas da base do cone, de 0,7 cm e o diâmetro menor, correspondente às cerdas do ápice do cone, de 0,5 cm. Estéril por Óxido Etileno (ETO). Embalagem Estéril: embalada em papel grau cirúrgico e filme de polietileno/polipropileno. Embalada individualmente. Fornecimento em pacote com 100 unidades. | C70: Unidade | D70: 460913 | E70: Anvisa | F70: =13*100 -> 1300 | G70: 0 | H70: =SUM(F70:G70) -> 1300 | I70: =54.6/100 -> 0.546 | J70: =H70*ROUND(I70,2) -> 715 | K70: NÃO | L70: - | M70: Aberto | N70: =VLOOKUP(I70,Intervalos!$B$3:$C$8,2,TRUE) -> 0.01
A71: 66 | B71: Escova com clorexidina a 2% e tensoativo, dupla face | C71: unidade | D71: 620163 | E71: - | F71: 1000 | G71: 300 | H71: =SUM(F71:G71) -> 1300 | I71: 4.63 | J71: =H71*ROUND(I71,2) -> 6019 | K71: NÃO | L71: - | M71: Aberto | N71: =VLOOKUP(I71,Intervalos!$B$3:$C$8,2,TRUE) -> 0.01
A72: 67 | B72: Escova de degermação cirúrgica. Escova PVPI 10%. Solução com Tensoativos Degermante 10ml. Conjunto esponja-escova com 10ml. | C72: unidade | D72: 620164 | E72: - | F72: 438 | G72: 300 | H72: =SUM(F72:G72) -> 738 | I72: 4.52 | J72: =H72*ROUND(I72,2) -> 3335.76 | K72: NÃO | L72: - | M72: Aberto | N72: =VLOOKUP(I72,Intervalos!$B$3:$C$8,2,TRUE) -> 0.01
A73: 68 | B73: Escova para limpeza de instrumentais de cabeça única. Dimensões aproximadas: 14mm x 30mm x 7mm. Comprimento aproximado: 177mm. Informações adicionais: escova de cabeça única para limpeza de instrumentais, estilo escova de dentes. Cabos anatômicos para prevenir que a escova escorregue. Cerdas médias. | C73: unidade | D73: 396682 | E73: - | F73: 15 | G73: 0 | H73: =SUM(F73:G73) -> 15 | I73: 45.18 | J73: =H73*ROUND(I73,2) -> 677.7 | K73: NÃO | L73: - | M73: Aberto | N73: =VLOOKUP(I73,Intervalos!$B$3:$C$8,2,TRUE) -> 0.05
A74: 69 | B74: ESPARADRAPO, 100 MM, 4,50 M, IMPERMEÁVEL 1 FACE, MASSA ADESIVA ZNO, RESISTENTE, BRANCA, TECIDO DE ALGODÃO | C74: unidade | D74: 437860 | E74: Anvisa | F74: 1000 | G74: 100 | H74: =SUM(F74:G74) -> 1100 | I74: 15 | J74: =H74*ROUND(I74,2) -> 16500 | K74: NÃO | L74: - | M74: Aberto | N74: =VLOOKUP(I74,Intervalos!$B$3:$C$8,2,TRUE) -> 0.03
A75: 70 | B75: ESPARADRAPO, TECIDO IMPERMEÁVEL, 50 MM, 4,50 M, IMPERMEÁVEL,MASSA ADESIVA DE ZINCO, BRANCA, TECIDO DE ALGODÃO | C75: unidade | D75: 437862 | E75: Anvisa | F75: 932 | G75: 100 | H75: =SUM(F75:G75) -> 1032 | I75: 8.91 | J75: =H75*ROUND(I75,2) -> 9195.12 | K75: NÃO | L75: - | M75: Aberto | N75: =VLOOKUP(I75,Intervalos!$B$3:$C$8,2,TRUE) -> 0.02
A76: 71 | B76: Espátula de Ayres. Kit Auxiliar para Papanicolaou. Descartável. Espátula de Ayres de plástico 175mm . Extremidade arredondada e outra com uma reentrância que estabelece uma boa relação anatômica e orifícios que facilitam a coleta da amostra. Fornecimento em caixa com 100 unidades. | C76: caixa c/ 100 und = pacote 100 unidades | D76: 460912 | E76: Anvisa | F76: 13 | G76: 0 | H76: =SUM(F76:G76) -> 13 | I76: 26.9 | J76: =H76*ROUND(I76,2) -> 349.7 | K76: NÃO | L76: - | M76: Aberto | N76: =VLOOKUP(I76,Intervalos!$B$3:$C$8,2,TRUE) -> 0.05
A77: 72 | B77: Espéculo descartável vaginal Tamanho M. Não lubrificado - Não estéril - Atóxico - Parafuso regulador borboleta - Embalado em papel cirúrgico. Fornecimento em caixa com 100 unidades | C77: Unidade | D77: 479744 | E77: Anvisa | F77: =7*100 -> 700 | G77: 0 | H77: =SUM(F77:G77) -> 700 | I77: =166.71/100 -> 1.6671 | J77: =H77*ROUND(I77,2) -> 1169 | K77: NÃO | L77: - | M77: Aberto | N77: =VLOOKUP(I77,Intervalos!$B$3:$C$8,2,TRUE) -> 0.01
A78: 73 | B78: Espéculo descartável vaginal Tamanho P. Não lubrificado - Não estéril - Atóxico - Parafuso regulador borboleta - Embalado em papel cirúrgico. Fornecimento em caixa com 100 unidades | C78: Unidade | D78: 479745 | E78: Anvisa | F78: =7*100 -> 700 | G78: 0 | H78: =SUM(F78:G78) -> 700 | I78: =149.63/100 -> 1.4963 | J78: =H78*ROUND(I78,2) -> 1050 | K78: NÃO | L78: - | M78: Aberto | N78: =VLOOKUP(I78,Intervalos!$B$3:$C$8,2,TRUE) -> 0.01
A79: 74 | B79: Esponja Hemostatica de gelatina de colágeno de origem animal, tamanho 10mmx10mm. Fornecimento em caixa com 10 unidades esterilizadas e embaladas individualmente | C79: caixa c/ 10 und | D79: 431233 | E79: Anvisa | F79: 8 | G79: 0 | H79: =SUM(F79:G79) -> 8 | I79: 61.53 | J79: =H79*ROUND(I79,2) -> 492.24 | K79: NÃO | L79: - | M79: Aberto | N79: =VLOOKUP(I79,Intervalos!$B$3:$C$8,2,TRUE) -> 0.1
A80: 75 | B80: Esponja Hemostática de gelatina de colágeno de origem animal, tamanho 7cm x 5cm x 0,1cm. Fornecimento em caixa com 10 unidades esterilizadas embaladas individualmente | C80: caixa c/ 10 und | D80: 431262 | E80: Anvisa | F80: 7 | G80: 0 | H80: =SUM(F80:G80) -> 7 | I80: 1651 | J80: =H80*ROUND(I80,2) -> 11557 | K80: NÃO | L80: - | M80: Aberto | N80: =VLOOKUP(I80,Intervalos!$B$3:$C$8,2,TRUE) -> 0,10%
A81: 76 | B81: Esponja Hemostática de gelatina de colágeno de origem animal, tamanho 7cm x 5cm x 1cm. Fornecimento em caixa com 10 unidades esterilizadas embaladas individualmente | C81: caixa c/ 10 und | D81: 431262 | E81: Anvisa | F81: 7 | G81: 0 | H81: =SUM(F81:G81) -> 7 | I81: 1651 | J81: =H81*ROUND(I81,2) -> 11557 | K81: NÃO | L81: - | M81: Aberto | N81: =VLOOKUP(I81,Intervalos!$B$3:$C$8,2,TRUE) -> 0,10%
A82: 77 | B82: Esponja Hemostática de gelatina de colágeno de origem animal, tamanho 8cm x 12,5cm x 1cm. Fornecimento em caixa com 10 unidades esterilizadas embaladas individualmente | C82: caixa c/ 10 und | D82: 431239 | E82: Anvisa | F82: 7 | G82: 0 | H82: =SUM(F82:G82) -> 7 | I82: 2002.6 | J82: =H82*ROUND(I82,2) -> 14018.2 | K82: NÃO | L82: - | M82: Aberto | N82: =VLOOKUP(I82,Intervalos!$B$3:$C$8,2,TRUE) -> 0,10%
A83: 78 | B83: Esponja Hemostática Filme de gelatina de colágeno de origem animal, tamanho 200 x 70 x 0,5 mm | C83: unidade | D83: 431261 | E83: Anvisa | F83: 7 | G83: 0 | H83: =SUM(F83:G83) -> 7 | I83: 192.16 | J83: =H83*ROUND(I83,2) -> 1345.12 | K83: NÃO | L83: - | M83: Aberto | N83: =VLOOKUP(I83,Intervalos!$B$3:$C$8,2,TRUE) -> 0,10%
A84: 79 | B84: Espuma proteção para pré-moldagem auricular - Espuma proteção para pré-moldagem auricular, molde shell levando espuma impressão, tipo "otoblocks". Tamanho único. Fornecimento em pacote com 50 unidades. | C84: Unidade | D84: 359485 | E84: - | F84: =7*50 -> 350 | G84: 0 | H84: =SUM(F84:G84) -> 350 | I84: =57.5/50 -> 1.15 | J84: =H84*ROUND(I84,2) -> 402.5 | K84: NÃO | L84: - | M84: Aberto | N84: =VLOOKUP(I84,Intervalos!$B$3:$C$8,2,TRUE) -> 0.01
A85: 80 | B85: Tiras para Teste de Schirmer. Estéreis e embaladas individualmente, para o diagnóstico oftalmológico. Fornecimento em embalagem com 50 unidades (tiras). | C85: Unidade | D85: 254416 | E85: - | F85: =8*50 -> 400 | G85: 0 | H85: =SUM(F85:G85) -> 400 | I85: =162.3/50 -> 3.246 | J85: =H85*ROUND(I85,2) -> 1300 | K85: NÃO | L85: - | M85: Aberto | N85: =VLOOKUP(I85,Intervalos!$B$3:$C$8,2,TRUE) -> 0.01
A86: 81 | B86: Fita crepe hospitalar 19mm x 50m , indicado para fixação de ataduras, rótulos em sacos, seringas e mamadeiras, fechamento de pacotes de papel e plástico para acondicionamento de utensílios e materiais. - Fita com fina camada impermeabilizante; - Excelente adesividade; - Ideal para uso em hospitais, clínicas, ambulatórios, consultórios e postos de saúde. Cotar o rolo. | C86: rolo = unidade | D86: 438974 | E86: - | F86: 908 | G86: 10 | H86: =SUM(F86:G86) -> 918 | I86: 7.9 | J86: =H86*ROUND(I86,2) -> 7252.2 | K86: NÃO | L86: - | M86: Aberto | N86: =VLOOKUP(I86,Intervalos!$B$3:$C$8,2,TRUE) -> 0.02
A87: 82 | B87: Fita elástica bandagem terapêutica - kinesio 5cm x 5m - Fita adesiva de padrão ondulado em poliacrilato e substrato de algodão (96%) e elastano (4%); expansível, com película protetora e medida 5cm x 5m. Adesivo-ativado pelo calor. Cores diversas. | C87: unidade | D87: 478151 | E87: Anvisa | F87: 38 | G87: 25 | H87: =SUM(F87:G87) -> 63 | I87: 35.51 | J87: =H87*ROUND(I87,2) -> 2237.13 | K87: NÃO | L87: - | M87: Aberto | N87: =VLOOKUP(I87,Intervalos!$B$3:$C$8,2,TRUE) -> 0.05
A88: 83 | B88: Fita indicadora para autoclave: 19 mm x 30 M. Fornecimento em rolo de 30m. | C88: rolo de 30 metros | D88: 626170 | E88: - | F88: 729 | G88: 50 | H88: =SUM(F88:G88) -> 779 | I88: 11.13 | J88: =H88*ROUND(I88,2) -> 8670.27 | K88: NÃO | L88: - | M88: Aberto | N88: =VLOOKUP(I88,Intervalos!$B$3:$C$8,2,TRUE) -> 0.03
A89: 84 | B89: FITA MICROPORE HIPOALERGÊNICA (50MMX10M(BRANCA)) Indicações: Curativos em geral; Áreas que requerem trocas frequentes de curativos; Ideal de neonatos até pacientes idosos. Composição: Rayon de viscose não tecido com adesivo acrílico hipoalergênico. | C89: unidade | D89: 437882 | E89: Anvisa | F89: 194 | G89: 100 | H89: =SUM(F89:G89) -> 294 | I89: 11.9 | J89: =H89*ROUND(I89,2) -> 3498.6 | K89: NÃO | L89: - | M89: Aberto | N89: =VLOOKUP(I89,Intervalos!$B$3:$C$8,2,TRUE) -> 0.03
A90: 85 | B90: Fita para medição de glicose - tiras para teste glicemia compatível com aparelho medidor de glicemia On Call Plus II, On Call Plus, On Call EZ II. Fornecimento em embalagem com 50 unidades. *Cada caixinha acompanha 1 chip de codificação. | C90: Unidade | D90: 362539 | E90: Anvisa | F90: =75*50 -> 3750 | G90: 20 | H90: =SUM(F90:G90) -> 3770 | I90: =87.57/50 -> 1.7514 | J90: =H90*ROUND(I90,2) -> 6597.5 | K90: NÃO | L90: - | M90: Aberto | N90: =VLOOKUP(I90,Intervalos!$B$3:$C$8,2,TRUE) -> 0.01
A91: 86 | B91: Fita para medição de glicose capilar compatível com aparelho medidor de glicose no sangue G-Tech Free Lite. Características: Enzima GDH-FAD contida na tira que proporciona uma medição altamente precisa. Elimina interferentes como açúcares diferentes da glicose, oxigenoterapia, entre outros, que alteram o resultado de tiras que utilizam outras enzimas como GOD e GDH-PQQ. Pode utilizar sangue venoso, arterial ou capilar. Fornecimento em embalagem com 50 unidades. | C91: Caixa com 50 unidades = unidade | D91: 362539 | E91: Anvisa | F91: =85*50 -> 4250 | G91: 20 | H91: =SUM(F91:G91) -> 4270 | I91: =79.9/50 -> 1.598 | J91: =H91*ROUND(I91,2) -> 6832 | K91: NÃO | L91: - | M91: Aberto | N91: =VLOOKUP(I91,Intervalos!$B$3:$C$8,2,TRUE) -> 0.01
A92: 87 | B92: Fixador celular 100ml. Fórmula especialmente desenvolvida para fixar e preservar o esfregaço celular em lâmina. Aplicação: Indicado para fixar lâminas. | C92: frasco = frasco 100ml | D92: 457197 | E92: - | F92: 15 | G92: 0 | H92: =SUM(F92:G92) -> 15 | I92: 18.66 | J92: =H92*ROUND(I92,2) -> 279.9 | K92: NÃO | L92: - | M92: Aberto | N92: =VLOOKUP(I92,Intervalos!$B$3:$C$8,2,TRUE) -> 0.03
A93: 88 | B93: Fralda descartável adulto. Tamanho G. Fornecimento em pacote com 16 unidades. | C93: Unidade | D93: 616013 | E93: - | F93: =13*16 -> 208 | G93: 0 | H93: =SUM(F93:G93) -> 208 | I93: =61.3/16 -> 3.83125 | J93: =H93*ROUND(I93,2) -> 796.64 | K93: NÃO | L93: - | M93: Aberto | N93: =VLOOKUP(I93,Intervalos!$B$3:$C$8,2,TRUE) -> 0.01
A94: 89 | B94: Fralda descartável recém-nascido. Laterais com ajuste cômodo e flexível. Indicador de umidade e tecnologia Algodão-Sec. Pacote com 36 unidades. Cotar o pacote. | C94: pacote = unidade | D94: 616000 | E94: - | F94: 5 | G94: 0 | H94: =SUM(F94:G94) -> 5 | I94: 51.97 | J94: =H94*ROUND(I94,2) -> 259.85 | K94: NÃO | L94: - | M94: Aberto | N94: =VLOOKUP(I94,Intervalos!$B$3:$C$8,2,TRUE) -> 0.1
A95: 90 | B95: Fralda geriátrica. Tamanho G. Pacote com 8 unidades. Descartável, possui camadas de distribuição e gel superabsorvente para rápida absorção do líquido, mantendo o toque seco. Tecnologia anti odor e barreiras para proporcionar mais segurança contra vazamentos laterais. Fornecimento em pacote com 8 unidades. | C95: Unidade | D95: 616023 | E95: - | F95: =15*8 -> 120 | G95: 0 | H95: =SUM(F95:G95) -> 120 | I95: =24.9/8 -> 3.1125 | J95: =H95*ROUND(I95,2) -> 373.2 | K95: NÃO | L95: - | M95: Aberto | N95: =VLOOKUP(I95,Intervalos!$B$3:$C$8,2,TRUE) -> 0.01
A96: 91 | B96: Gel condutor para ultrassonografia | C96: galão 5L | D96: 438929 | E96: Anvisa | F96: 113 | G96: 0 | H96: =SUM(F96:G96) -> 113 | I96: 64 | J96: =H96*ROUND(I96,2) -> 7232 | K96: NÃO | L96: - | M96: Aberto | N96: =VLOOKUP(I96,Intervalos!$B$3:$C$8,2,TRUE) -> 0.1
A97: 92 | B97: Gel condutor, isento de sal, pH neutro, solúvel em água. Aplicação eletrocardiografia, bisturis elétricos, doppler e similares. | C97: Embalagem 100g = frasco 100g | D97: 438929 | E97: Anvisa | F97: 250 | G97: 0 | H97: =SUM(F97:G97) -> 250 | I97: 3.55 | J97: =H97*ROUND(I97,2) -> 887.5 | K97: NÃO | L97: - | M97: Aberto | N97: =VLOOKUP(I97,Intervalos!$B$3:$C$8,2,TRUE) -> 0.01
A98: 93 | B98: Hastes flexíveis descartáveis, não estéreis, com pontas de algodão hidrófilo antigermes. Fornecimento em caixa com 75 unidades | C98: caixa c/ 75 und | D98: 481317 | E98: - | F98: 63 | G98: 10 | H98: =SUM(F98:G98) -> 73 | I98: 6.56 | J98: =H98*ROUND(I98,2) -> 478.88 | K98: NÃO | L98: - | M98: Aberto | N98: =VLOOKUP(I98,Intervalos!$B$3:$C$8,2,TRUE) -> 0.02
A99: 94 | B99: Injetor de seringa de impressão para impressões auriculares. Cilindro transparente torna o procedimento de injeção visível e controlável. Material: PC. Embalagem: única caixa (14*5.5*3.8 cm). Ferramenta de tomada de impressão de ouvido profissional, para dispensadores de aparelhos auditivos/diyers iem (monitor de ouvido) | C99: unidade | D99: 439636 | E99: - | F99: 7 | G99: 0 | H99: =SUM(F99:G99) -> 7 | I99: 328 | J99: =H99*ROUND(I99,2) -> 2296 | K99: NÃO | L99: - | M99: Aberto | N99: =VLOOKUP(I99,Intervalos!$B$3:$C$8,2,TRUE) -> 0,10%
A100: 95 | B100: LAMINA DE BARBEAR para tricotomia. Fornecimento em caixa com 5 unidades. | C100: caixa c/ 5 und = embalagem 5 unidades | D100: 241535 | E100: - | F100: 413 | G100: 100 | H100: =SUM(F100:G100) -> 513 | I100: 3.45 | J100: =H100*ROUND(I100,2) -> 1769.85 | K100: NÃO | L100: - | M100: Aberto | N100: =VLOOKUP(I100,Intervalos!$B$3:$C$8,2,TRUE) -> 0.01
A101: 96 | B101: Lenço de papel. Caixa com 75 folhas. Cotar a caixa | C101: Caixa = unidade | D101: 601018 | E101: CTF/APP: FTE - Categoria: Indústria de Papel e Celulose; Código: 8 | F101: 27 | G101: 100 | H101: =SUM(F101:G101) -> 127 | I101: 9.09 | J101: =H101*ROUND(I101,2) -> 1154.43 | K101: NÃO | L101: - | M101: Aberto | N101: =VLOOKUP(I101,Intervalos!$B$3:$C$8,2,TRUE) -> 0.02
A102: 97 | B102: Lençol Descartável Papel Hospitalar Maca. Não estéril. Uso único. Fornecimento em rolo de 70cm x 50 metros. Cor: branco. Fibras celulósicas. Produto não perecível. | C102: Unidade | D102: 481791 | E102: - | F102: 207 | G102: 207 | H102: =SUM(F102:G102) -> 414 | I102: 22.9 | J102: =H102*ROUND(I102,2) -> 9480.6 | K102: NÃO | L102: - | M102: Aberto | N102: =VLOOKUP(I102,Intervalos!$B$3:$C$8,2,TRUE) -> 0.05
A103: 98 | B103: Lençol Descartável Papel Hospitalar Maca 50x50. Não estéril. Uso único. Fornecimento em rolo de 50 metros. | C103: Unidade | D103: 481790 | E103: - | F103: 45 | G103: 45 | H103: =SUM(F103:G103) -> 90 | I103: 16.9 | J103: =H103*ROUND(I103,2) -> 1521 | K103: NÃO | L103: - | M103: Aberto | N103: =VLOOKUP(I103,Intervalos!$B$3:$C$8,2,TRUE) -> 0.03
A104: 99 | B104: Lençol Infantil Liso Branco. Lençol 100% algodão avulso. Cor Branco. Dimensões aproximadas do produto: 70cm x 1,30m x 15cm. | C104: unidade | D104: 623431 | E104: - | F104: 13 | G104: 0 | H104: =SUM(F104:G104) -> 13 | I104: 36.9 | J104: =H104*ROUND(I104,2) -> 479.7 | K104: NÃO | L104: - | M104: Aberto | N104: =VLOOKUP(I104,Intervalos!$B$3:$C$8,2,TRUE) -> 0.05
A105: 100 | B105: Lençol Solteiro Sem Elástico Percal 180 Fios. Lençol avulso sem elástico com acabamento em bainha nos 4 lados. Dimensões aproximadas: 1,45m x 2,45m. | C105: unidade | D105: 459622 | E105: - | F105: 13 | G105: 0 | H105: =SUM(F105:G105) -> 13 | I105: 40.93 | J105: =H105*ROUND(I105,2) -> 532.09 | K105: NÃO | L105: - | M105: Aberto | N105: =VLOOKUP(I105,Intervalos!$B$3:$C$8,2,TRUE) -> 0.05
...

Sheet Intervalos
B2: Valor Unitário Estimado (Faixa) | C2: Diferença Mínima de Valores / Percentuais de Lances | E2: Interpretação
B3: 0.01 | C3: 0.01 | E3: R$ 0,01 - R$ 5,00 => R$ 0,01
B4: 5 | C4: 0.02 | E4: R$ 5,01 - R$ 10,00 => R$ 0,02
B5: 10 | C5: 0.03 | E5: R$ 10,01 - R$ 20,00 => R$ 0,03
B6: 20 | C6: 0.05 | E6: R$ 20,01 - R$ 50,00 => R$ 0,05
B7: 50 | C7: 0.1 | E7: R$ 50,01 - R$ 100,00 => R$ 0,10
B8: 100 | C8: 0,10% | E8: Acima de R$ 100,00 => 0,10%
